 Dungeon Crawl Stone Soup version 0.23-a0-650-ga4d50d4 (webtiles) character file.

328 zishaf the Magician (level 6, -4/44 HPs)
             Began as a Gnoll Wizard on Jan 4, 2019.
             Was an Initiate of Qazlal.
             Slain by Edmund
             ... wielding a +2 flail of protection
              (7 damage)
             ... on level 4 of the Dungeon.
             The game lasted 00:13:13 (4498 turns).

zishaf the Magician (Gnoll Wizard)                  Turns: 4498, Time: 00:13:14

Health: -4/44      AC:  7    Str:  9    XL:     6   Next: 50%
Magic:  3/16       EV: 12    Int: 23    God:    Qazlal [......]
Gold:   217        SH:  0    Dex: 13    Spells: 8/19 levels left

rFire    . . .     SeeInvis .   k - +0 dagger
rCold    + . .     Gourm    .   (no shield)
rNeg     . . .     Faith    .   D - +0 ring mail {MR+}
rPois    +         Spirit   .   q - +0 helmet
rElec    .         Reflect  .   (no cloak)
rCorr    .         Harm     .   y - +0 pair of gloves
MR       +....                  (no boots)
Stlth    ++........             (no amulet)
HPRegen  0.14/turn              j - ring of protection from cold
MPRegen  0.15/turn              g - ring of poison resistance

@: very slightly contaminated
A: distributed training, fangs 1, strong nose
a: Renounce Religion


You were on level 4 of the Dungeon.
You worshipped Qazlal.
Qazlal was noncommittal.
You were very hungry.

You visited 2 branches of the dungeon, and saw 5 of its levels.
You also visited: Sewer.

You collected 217 gold pieces.

Inventory:

Hand Weapons
 k - a +0 dagger (weapon)
Missiles
 c - 154 stones (quivered)
Armour
 q - a +0 helmet (worn)
 y - a +0 pair of gloves (worn)
 D - a +0 ring mail of magic resistance (worn)
Jewellery
 g - a ring of poison resistance (right hand)
 j - a ring of protection from cold (left hand)
 G - an uncursed ring of resist corrosion
Wands
 t - a wand of flame (19)
Scrolls
 h - a scroll of amnesia {unknown}
 l - a scroll of blinking
 n - 3 scrolls of remove curse
 r - 3 scrolls of teleportation
 s - a scroll of magic mapping {unknown}
 u - a scroll of identify
 w - 2 scrolls of fog {unknown}
 x - a scroll of fear {unknown}
 C - a scroll of random uselessness {unknown}
 E - a scroll of immolation {unknown}
 F - a scroll of noise {unknown}
Potions
 a - a potion of agility {unknown}
 b - a potion of haste {unknown}
 e - a potion of curing
 f - 2 potions of magic
 i - 3 potions of brilliance {unknown}
 m - a potion of mutation
 o - a potion of lignification
 p - a potion of heal wounds
 v - a potion of ambrosia
 z - a potion of flight
 A - 2 potions of might {unknown}
 B - 4 potions of invisibility
Comestibles
 d - 6 rations


   Skills:
 + Level 2.0 Fighting
 + Level 2.0 Short Blades
 + Level 2.0 Long Blades
 + Level 2.0 Axes
 + Level 2.0 Maces & Flails
 + Level 2.0 Polearms
 + Level 2.0 Staves
 + Level 2.0 Slings
 + Level 2.0 Bows
 + Level 2.0 Crossbows
 + Level 2.0 Throwing
 + Level 2.0 Armour
 + Level 5.0 Dodging
 + Level 4.6 Stealth
 + Level 2.0 Shields
 + Level 2.0 Unarmed Combat
 + Level 7.4 Spellcasting
 + Level 2.6 Conjurations
 + Level 1.5 Hexes
 + Level 1.5 Charms
 + Level 2.6 Summonings
 + Level 1.5 Necromancy
 + Level 2.6 Translocations
 + Level 1.5 Transmutations
 + Level 1.5 Fire Magic
 + Level 1.5 Ice Magic
 + Level 1.5 Air Magic
 + Level 1.5 Earth Magic
 + Level 1.5 Poison Magic
 + Level 2.1 Invocations
 + Level 2.0 Evocations


You had 8 spell levels left.
You knew the following spells:

 Your Spells              Type           Power        Failure   Level  Hunger
a - Magic Dart            Conj           ###.         7%          1    None
b - Call Imp              Summ           ###.....     10%         2    None
c - Conjure Flame         Conj/Fire      ###.....     26%         3    None
d - Blink                 Tloc           N/A          10%         2    None
z - Mephitic Cloud        Conj/Pois/Air  ###.....     26%         3    None

Your spell library contained the following spells:

 Spells                   Type           Power        Failure   Level  Hunger
 Slow                     Hex            ###.....     16%         2    None


Dungeon Overview and Level Annotations

Branches:
Dungeon (4/15)             Temple (1/1) D:4

Altars:
Ashenzari
Cheibriados
Dithmenos
Elyvilon
Fedhas
Gozag
Hepliaklqana
Kikubaaqudgha
Makhleb
Nemelex Xobeh
Okawaru
Qazlal
Ru
Sif Muna
Trog
Uskayaw
Vehumet
Wu Jian
Xom
Yredelemnul
Zin
The Shining One

Annotations:
D:4 Edmund


Innate Abilities, Weirdness & Mutations

Your experience applies equally to all skills.
You have very sharp teeth.
Your uncanny sense of smell can sniff out nearby items.


Message History

You hit Edmund but do no damage.
Edmund is moderately wounded.
Edmund misses you.
You hit Edmund.
Edmund is moderately wounded.
Edmund hits you with a +2 flail of protection!
* * * LOW HITPOINT WARNING * * *
You hit Edmund but do no damage.
Edmund is moderately wounded.
You hit Edmund.
Edmund is moderately wounded.
Edmund hits you with a +2 flail of protection.
* * * LOW HITPOINT WARNING * * *
You hit Edmund but do no damage.
Edmund is moderately wounded.
Edmund misses you.
You closely miss Edmund.
Edmund is moderately wounded.
Edmund hits you with a +2 flail of protection!
You die...

#.######.# #.# #.......>###
#.# #..<..##...## #.#
##.##.......########.######
#.#####.#..>............#.
#.......#.#########.......
########...# #..##.## #...#
####..##.## #.@.#
#.......... #.@.#
#.##..#.### #...#
#.......... #.†.#
#..##......
#...#####..###...#[
..(...............#.
.............##.##.#.
.....................##
#####..<#########.##.##


You could see Edmund.

Vanquished Creatures
  An ogre (D:4)
  2 orc wizards
  A worker ant (D:4)
  3 adders
  5 oozes
  An adder skeleton (D:4)
  4 worms
  A dart slug (D:2)
  5 leopard geckos
  5 orcs
  6 giant cockroaches
  7 goblins
  11 hobgoblins
  7 jackals
  4 kobolds
  3 quokkas
  3 ball pythons
  16 bats
  5 frilled lizards
  3 rats (D:2)
93 creatures vanquished.

Notes
Turn   | Place    | Note
-------+----------+-------------------------------------------
     0 | D:1      | zishaf the Gnoll Wizard began the quest for the Orb.
     0 | D:1      | Reached XP level 1. HP: 13/13 MP: 8/8
   187 | D:1      | Reached XP level 2. HP: 19/19 MP: 7/10
   191 | D:1      | Learned a level 2 spell: Call Imp
   194 | D:1      | Learned a level 2 spell: Blink
   771 | D:2      | Reached XP level 3. HP: 25/25 MP: 3/11
   950 | D:2      | Learned a level 3 spell: Conjure Flame
   954 | D:2      | Learned a level 3 spell: Mephitic Cloud
  1052 | D:2      | Reached skill level 1 in Invocations
  1182 | D:2      | Reached skill level 1 in Fighting
  1182 | D:2      | Reached skill level 1 in Short Blades
  1182 | D:2      | Reached skill level 1 in Long Blades
  1182 | D:2      | Reached skill level 1 in Axes
  1182 | D:2      | Reached skill level 1 in Maces & Flails
  1182 | D:2      | Reached skill level 1 in Polearms
  1182 | D:2      | Reached skill level 1 in Staves
  1182 | D:2      | Reached skill level 1 in Slings
  1182 | D:2      | Reached skill level 1 in Bows
  1182 | D:2      | Reached skill level 1 in Crossbows
  1182 | D:2      | Reached skill level 1 in Throwing
  1182 | D:2      | Reached skill level 1 in Armour
  1182 | D:2      | Reached skill level 1 in Shields
  1182 | D:2      | Reached skill level 1 in Unarmed Combat
  1182 | D:2      | Reached skill level 1 in Evocations
  1199 | D:2      | Reached XP level 4. HP: 32/32 MP: 13/13
  1604 | D:3      | Found an opulent altar of Gozag.
  1725 | D:3      | Found a glowing drain.
  1758 | Sewer    | Entered a sewer
  1916 | Sewer    | Reached skill level 1 in Hexes
  1916 | Sewer    | Reached skill level 1 in Charms
  1916 | Sewer    | Reached skill level 1 in Necromancy
  1916 | Sewer    | Reached skill level 1 in Transmutations
  1916 | Sewer    | Reached skill level 1 in Fire Magic
  1916 | Sewer    | Reached skill level 1 in Ice Magic
  1916 | Sewer    | Reached skill level 1 in Air Magic
  1916 | Sewer    | Reached skill level 1 in Earth Magic
  1916 | Sewer    | Reached skill level 1 in Poison Magic
  2598 | Sewer    | Reached XP level 5. HP: 35/37 MP: 6/14
  3660 | D:3      | Found a burning altar of Makhleb.
  3968 | D:4      | Found a staircase to the Ecumenical Temple.
  3989 | Temple   | Entered the Ecumenical Temple
  4066 | Temple   | Became a worshipper of Qazlal Stormbringer
  4202 | D:4      | Noticed an ogre
  4228 | D:4      | Killed an ogre
  4228 | D:4      | Reached XP level 6. HP: 44/44 MP: 0/16
  4391 | D:4      | Reached skill level 5 in Dodging
  4473 | D:4      | Noticed Edmund
  4498 | D:4      | Slain by Edmund

Vault maps used:
D:1:      mrwooster_arrival_arrow, minmay_misc_feat_tiny
D:2:      first_ration
D:3:      nicolae_overflow_crystal_walls, gup_sewer_entry_pipe,
          nicolae_gozag_seed_capital
D:4:      minmay_temple_entry_grid, uniq_edmund, uniq_sigmund
Temple:   nicolae_temple_the_god_donut
Sewer:    sewer_fruit_machine

Skill      XL: |  1  2  3  4  5  6 |
---------------+-------------------+-----
Conjurations   | 2 |  2.6
Summonings     | 2 |  2.6
Translocations | 2 |  2.6
Invocations    | 1 2 |  2.1
Fighting       | 1 2 |  2.0
Short Blades   | 1 2 |  2.0
Long Blades    | 1 2 |  2.0
Axes           | 1 2 |  2.0
Maces & Flails | 1 2 |  2.0
Polearms       | 1 2 |  2.0
Staves         | 1 2 |  2.0
Slings         | 1 2 |  2.0
Bows           | 1 2 |  2.0
Crossbows      | 1 2 |  2.0
Throwing       | 1 2 |  2.0
Armour         | 1 2 |  2.0
Shields        | 1 2 |  2.0
Unarmed Combat | 1 2 |  2.0
Evocations     | 1 2 |  2.0
Hexes          | 1 |  1.5
Charms         | 1 |  1.5
Necromancy     | 1 |  1.5
Transmutations | 1 |  1.5
Fire Magic     | 1 |  1.5
Ice Magic      | 1 |  1.5
Air Magic      | 1 |  1.5
Earth Magic    | 1 |  1.5
Poison Magic   | 1 |  1.5
Dodging        | 5 |  5.0
Stealth        | |  4.6
Spellcasting   | |  7.4

Action                   |  1- 3 |  4- 6 || total
-------------------------+-------+-------++-------
Melee: Dagger            |    14 |   117 ||   131
       Bite              |       |     7 ||     7
 Cast: Magic Dart        |    58 |   150 ||   208
       Mephitic Cloud    |       |     7 ||     7
       Conjure Flame     |       |     2 ||     2
  Use: Scroll            |       |    10 ||    10
       Potion            |       |     1 ||     1
 Stab: Sleeping          |     8 |     3 ||    11
  Eat: Chunk             |     1 |     9 ||    10
Armor: Leather armour    |     4 |       ||     4
       Ring mail         |       |    94 ||    94
Dodge: Dodged            |    12 |   149 ||   161

Table legend:
 A = Non-vault XP
 B = Vault XP
 C = Vault XP percentage of total XP
 D = Non-vault monster count
 E = Vault monster count
 F = Vault count percentage of total count
                 A         B        C        D         E       F
            +---------+---------+-------+---------+---------+-------
      Total |     386 |      83 |  17.7 |      65 |      28 |  30.1
            +---------+---------+-------+---------+---------+-------
        D:1 |      20 |       0 |   0.0 |      11 |       0 |   0.0
        D:2 |     111 |       0 |   0.0 |      32 |       0 |   0.0
        D:3 |      90 |       7 |   7.2 |      18 |       3 |  14.3
        D:4 |     165 |       0 |   0.0 |       4 |       0 |   0.0
      Sewer |       0 |      76 | 100.0 |       0 |      25 | 100.0
            +---------+---------+-------+---------+---------+-------
